 Dungeon Crawl Stone Soup version 0.19.5 (webtiles) character file.

7044 nikopol the Spear-Bearer (level 10, -1/91 HPs)
             Began as a Minotaur Berserker on Mar 1, 2017.
             Was a High Priest of Trog.
             Slain by a crimson imp (2 damage)
             ... on level 9 of the Dungeon.
             The game lasted 00:25:00 (8941 turns).

nikopol the Spear-Bearer (Minotaur Berserker)       Turns: 8941, Time: 00:25:00

Health: -1/91      AC: 13    Str: 22    XL:     10   Next: 83%
Magic:  9/9        EV: 14    Int:  4    God:    Trog [*****.]
Gold:   162        SH:  0    Dex: 13    Spells: 0 memorised, 9 levels left

rFire  + . .     SeeInvis .     a - +0 trident
rCold  . . .     Gourm    .     j - +0 scale mail (curse)
rNeg   . . .     Faith    .     (no shield)
rPois  .         Spirit   .     (helmet restricted)
rElec  .         Reflect  .     r - +0 cloak
rCorr  .         Harm     .     i - +0 pair of gloves
MR     .....                    K - +1 pair of boots {Fly}
Stlth  ..........               (no amulet)
                                y - ring of flight
                                t - ring of protection from fire

@: flying
A: retaliatory headbutt, horns 2
a: Berserk, Trog's Hand, Brothers in Arms, Burn Spellbooks, Renounce Religion,
Stop Flying


You were on level 9 of the Dungeon.
You worshipped Trog.
Trog was extremely pleased with you.
You were very hungry.

You visited 1 branch of the dungeon, and saw 10 of its levels.
You also visited: Ossuary.

You collected 403 gold pieces.
You spent 241 gold pieces at shops.

Inventory:

Hand Weapons
 a - a +0 trident (weapon)
 z - a +0 shortbow
 E - a +0 spear
Missiles
 k - 120 arrows (quivered)
Armour
 b - a +0 animal skin
 h - a +0 ring mail
 i - a +0 pair of gloves (worn)
 j - a cursed +0 scale mail (worn)
 r - a +0 cloak (worn)
 K - a +1 pair of boots of flying (worn)
Jewellery
 q - a cursed amulet of the gourmand {unknown}
 t - a ring of protection from fire (left hand)
 y - a ring of flight (right hand)
 D - a +3 ring of protection {unknown}
 N - a +3 ring of intelligence {unknown}
 U - a cursed amulet of the gourmand {unknown}
Wands
 G - a wand of lightning (8/15)
 R - a wand of lightning (8/15)
 T - a wand of polymorph (20/24)
Scrolls
 d - 10 scrolls of identify {unknown}
 e - 2 scrolls of recharging {unknown}
 n - 7 scrolls of remove curse {unknown}
 p - 3 scrolls of fog {unknown}
 s - 2 scrolls of immolation {unknown}
 u - 2 scrolls of enchant armour {unknown}
 w - a scroll of fear {unknown}
 A - a scroll of amnesia {unknown}
 H - 2 scrolls of random uselessness {unknown}
 I - 2 scrolls of noise {unknown}
 M - 5 scrolls of teleportation {unknown}
 O - a scroll of magic mapping {unknown}
 Q - 2 scrolls of torment {unknown}
Potions
 f - 2 potions of berserk rage {unknown}
 g - 2 potions of cure mutation {unknown}
 l - a potion of ambrosia {unknown}
 m - 3 potions of flight {unknown}
 v - 3 potions of degeneration {unknown}
 x - a potion of mutation {unknown}
 C - 4 potions of curing {unknown}
 F - 2 potions of lignification {unknown}
 J - a potion of haste {unknown}
 S - a potion of beneficial mutation {unknown}
Comestibles
 c - 5 bread rations
 o - 2 slices of pizza
 B - 5 fruits
 L - 3 meat rations
 P - 5 chunks of flesh


   Skills:
 + Level 9.0 Fighting
 * Level 10.8 Polearms
 * Level 8.6 Bows
 + Level 8.6 Armour
 + Level 7.9 Dodging


You had 9 spell levels left.
You didn't know any spells.

Dungeon Overview and Level Annotations

Branches:
Dungeon (10/15)            Temple (0/1) D:5            Lair (0/6) D:9
    Orc: D:9-12

Altars:
Ashenzari
Elyvilon
Gozag
Hepliaklqana
Sif Muna
Trog
Yredelemnul
The Shining One

Shops:
D:5 [   D:7 *


Innate Abilities, Weirdness & Mutations

You reflexively headbutt those who attack you in melee.
You have a pair of horns on your head.


Message History

The yak snorts and paws the ground.
There is a stone staircase leading up here.
The yak gores you but does no damage.
The crimson imp disappears for a moment.
The crimson imp misses you. You furiously retaliate!
You headbutt the crimson imp, but do no damage.
You fly upwards.
There is a stone staircase leading down here.
Eat one of 6 chunks of flesh? (ye/n/q)
You start eating one of the 6 chunks of flesh.
The yak gores you but does no damage.
The crimson imp hits you but does no damage.
This raw flesh tastes terrible.
You are feeling very hungry.
Eat one of 5 chunks of flesh? (ye/n/q)
You start eating one of the 5 chunks of flesh.
The yak gores you.
* * * LOW HITPOINT WARNING * * *
The crimson imp hits you.
You die...

######### #.####.#####. ###
#.......####.##.._..###. ..#
#>####..........#.#.....
#.########.####..####.#.##[......
#.)†.†T..T.......................
#.####...........####.#.##..###..
)..........#.###.# #.#.....# #..
.#####..#..#.# #5####.#..#.####..
K..# #..#..#.# #@Y...........##..
.#.# #..#..#.########....###.##..
.#.# #..#..#.>...........# #.....
.#.###..#..###########.#.###.##.#
.#.........# #.......##.#
..........## #.###.####..
.#####.#..# ### #..#.#####.#
.#####.#..###.## #.#.#.......
..........##...## #.#.#.######


You could see a yak and a crimson imp.

Vanquished Creatures
  Pikel (D:8)
  Psyche (D:8)
  A komodo dragon (D:9)
  A troll (D:9)
  A hornet (D:9)
  A slime creature (D:9)
  2 hippogriffs
  A wraith (Ossuary)
  9 yaks (D:9)
  An orc warrior (D:9)
  A black bear (D:9)
  A slave (D:8)
  2 ice beasts
  A necrophage (D:7)
  An ogre (D:9)
  2 phantoms
  An eye of draining (D:8)
  2 centaurs
  2 bullfrogs
  A wyvern skeleton (D:6)
  A scorpion (D:6)
  5 wights (D:6)
  A howler monkey (D:5)
  4 crimson imps
  A bullfrog skeleton (D:7)
  8 jellies
  6 hounds
  6 orc priests
  10 orc wizards
  5 iguanas
  5 worker ants
  A killer bee zombie (D:7)
  A hound skeleton (D:5)
  A mummy (Ossuary)
  A howler monkey zombie (D:5)
  3 gnolls (D:6)
  7 adders
  2 shadow imps
  17 oozes
  3 worms
  3 dart slugs
  2 leopard geckos
  22 orcs
  3 giant cockroaches
  7 goblins
  8 hobgoblins
  10 jackals
  5 kobolds
  9 quokkas
  7 bats
  11 frilled lizards
  8 gnoll skeletons (Ossuary)
  3 kobold skeletons (Ossuary)
  14 orc skeletons (Ossuary)
  18 rats
251 creatures vanquished.

Vanquished Creatures (collateral kills)
  A hydra (D:9)
  A yak (D:9)
  A hungry ghost (D:9)
  2 big kobolds (D:9)
  A hound (D:9)
6 creatures vanquished.

Vanquished Creatures (others)
  7 fungi (D:9)
  6 plants (D:9)
13 creatures vanquished.

Grand Total: 270 creatures vanquished

Notes
Turn   | Place    | Note
-------+----------+-------------------------------------------
     0 | D:1      | nikopol the Minotaur Berserker began the quest for the Orb.
     0 | D:1      | Reached XP level 1. HP: 19/19 MP: 0/0
    47 | D:1      | Reached XP level 2. HP: 25/27 MP: 1/1
   924 | D:2      | Reached XP level 3. HP: 32/33 MP: 2/2
   980 | D:2      | Reached skill level 4 in Polearms
   996 | D:2      | Reached ** piety under Trog
  2022 | D:3      | Noticed a moth of wrath
  2025 | D:3      | Found a bloodstained altar of Trog.
  2035 | D:3      | Reached XP level 4. HP: 38/41 MP: 3/3
  2225 | D:3      | Reached *** piety under Trog
  2249 | D:3      | Reached XP level 5. HP: 47/47 MP: 4/4
  2333 | D:3      | Found a shattered altar of Ashenzari.
  2543 | D:3      | Reached skill level 5 in Fighting
  2926 | D:4      | Reached XP level 6. HP: 50/56 MP: 5/5
  3159 | D:5      | Entered Level 5 of the Dungeon
  3165 | D:5      | Reached skill level 5 in Polearms
  3599 | D:5      | Reached **** piety under Trog
  3623 | D:5      | Reached XP level 7. HP: 62/62 MP: 6/6
  3634 | D:5      | Reached skill level 5 in Armour
  3667 | D:5      | Found a sand-covered staircase.
  3673 | Ossuary  | Entered an ossuary
  3673 | Ossuary  | Noticed a wraith
  3673 | Ossuary  | Noticed a wraith
  3673 | Ossuary  | Noticed a wraith
  3741 | Ossuary  | Noticed a wraith
  3749 | Ossuary  | Killed a wraith
  3749 | Ossuary  | Reached skill level 6 in Polearms
  3749 | Ossuary  | Reached skill level 1 in Bows
  4026 | D:5      | Received a gift from Trog
  4220 | D:5      | Found a deep blue altar of Sif Muna.
  4263 | D:5      | Found a staircase to the Ecumenical Temple.
  4306 | D:5      | Found Qaal's Antique Armour Emporium.
  4312 | D:5      | Bought a pair of embroidered boots for 241 gold pieces
  5011 | D:6      | Reached skill level 5 in Dodging
  5344 | D:6      | Reached XP level 8. HP: 71/71 MP: 7/7
  5595 | D:6      | Found a glowing golden altar of the Shining One.
  5641 | D:6      | Reached skill level 7 in Polearms
  6490 | D:7      | Found Penlaq's General Store.
  6647 | D:7      | Noticed a hippogriff
  6664 | D:7      | Killed a hippogriff
  6664 | D:7      | Reached skill level 8 in Polearms
  6725 | D:7      | Reached XP level 9. HP: 76/79 MP: 8/8
  6932 | D:8      | Reached skill level 5 in Bows
  6943 | D:8      | Reached ***** piety under Trog
  7080 | D:8      | Noticed Psyche
  7087 | D:8      | Killed Psyche
  7136 | D:8      | Noticed Pikel
  7157 | D:8      | Killed Pikel
  7157 | D:8      | Reached skill level 9 in Polearms
  7186 | D:8      | Found a white marble altar of Elyvilon.
  7820 | D:9      | Reached XP level 10. HP: 59/88 MP: 9/9
  8015 | D:9      | Found a hazy altar of Hepliaklqana.
  8055 | D:9      | Found a basalt altar of Yredelemnul.
  8159 | D:9      | Reached skill level 10 in Polearms
  8245 | D:9      | Found an opulent altar of Gozag.
  8791 | D:9      | Found a staircase to the Lair.
  8916 | D:9      | Noticed a three-headed hydra
  8925 | D:9      | Killed a four-headed hydra
  8927 | D:9      | HP: 3/91 [hungry ghost (3)]
  8933 | D:10     | Entered Level 10 of the Dungeon
  8941 | D:9      | HP: 1/91 [yak (4)]
  8941 | D:9      | Slain by a crimson imp

Skill      XL: |  1  2  3  4  5  6  7  8  9 10 |
---------------+-------------------------------+-----
Fighting       | 4 5 6 7 8 9 |  9.0
Polearms       | 4 5 6 8 9 10 | 10.8
Dodging        | 3 4 5 6 7 |  7.9
Armour         | 3 4 5 6 7 8 |  8.6
Bows           | 2 4 6 8 |  8.6

Action                   |  1- 3 |  4- 6 |  7- 9 | 10-12 || total
-------------------------+-------+-------+-------+-------++-------
Melee: Spear             |   120 |   128 |       |       ||   248
       Headbutt          |    13 |    20 |    40 |    35 ||   108
       Trident           |       |    35 |   214 |   158 ||   407
 Fire: Shortbow          |       |       |   232 |    13 ||   245
Invok: Berserk           |       |       |     2 |     2 ||     4
       Burn Spellbooks   |       |       |     1 |       ||     1
       Brothers in Arms  |       |       |       |     1 ||     1
  Eat: Chunk             |     3 |     6 |    12 |     5 ||    26
       Pizza             |       |       |     1 |       ||     1
       Beef jerky        |       |       |     1 |       ||     1
Armor: Animal skin       |     2 |       |       |       ||     2
       Ring mail         |    18 |    32 |       |       ||    50
       Scale mail        |       |     8 |    88 |    42 ||   138
Dodge: Dodged            |    42 |    76 |   143 |    94 ||   355
